 Dungeon Crawl Stone Soup version 0.20-a0-251-g16a58bf (webtiles) character file.

44 KristoblXynda the Stinger (level 3, -1/26 HPs)
             Began as a Draconian Venom Mage on Nov 30, 2016.
             Slain by a killer bee (8 damage)
             ... on level 3 of the Dungeon.
             The game lasted 00:03:09 (1216 turns).

KristoblXynda the Stinger (Draconian Venom Mage)    Turns: 1216, Time: 00:03:10

Health: -1/26      AC:  5    Str: 10    XL:     3   Next: 41%
Magic:  6/6        EV: 12    Int: 16    God:
Gold:   105        SH:  0    Dex: 11    Spells: 6/7 levels left

rFire  . . .     SeeInvis .     h - +4 spear
rCold  . . .     Gourm    .     (armour unavailable)
rNeg   . . .     Faith    .     (no shield)
rPois  .         Spirit   .     (helmet restricted)
rElec  .         Reflect  .     (no cloak)
rCorr  .         Harm     .     (no gloves)
MR     .....                    (no boots)
Stlth  ++........               (no amulet)
                                (no ring)
                                (no ring)

@: lethally poisoned (-1 -> -18)
A: unfitting armour, cold-blooded, AC +5
a: no special abilities


You were on level 3 of the Dungeon.
You were hungry.

You visited 1 branch of the dungeon, and saw 3 of its levels.

You collected 105 gold pieces.

Inventory:

Hand Weapons
 h - a +4 spear (weapon)
Missiles
 k - 4 javelins (quivered)
Jewellery
 g - an uncursed ring of fire {unknown}
Scrolls
 c - a scroll of amnesia
 d - 7 scrolls of identify {unknown}
 j - 3 scrolls of remove curse
Potions
 e - a potion of curing
 i - a potion of degeneration {unknown}
 l - a potion of agility {unknown}
 n - a potion of brilliance
Books
 a - a Young Poisoner's Handbook

   Spells                             Type                      Level
   a - Sting                          Conjuration/Poison           1
   b - Mephitic Cloud                 Conjuration/Poison/Air       3
   c - Olgreb's Toxic Radiance        Poison                       4
   d - Alistair's Intoxication        Transmutation/Poison         5
   e - Venom Bolt                     Conjuration/Poison           5
Comestibles
 b - 3 bread rations


   Skills:
 - Level 1.7 Dodging
 - Level 1.7 Stealth
 + Level 2.6 Spellcasting
 + Level 1.6 Conjurations
 + Level 4.4 Poison Magic


You had 6 spell levels left.
You knew the following spells:

 Your Spells              Type           Power        Failure   Level  Hunger
a - Sting                 Conj/Pois      ##..         8%          1    #......


Dungeon Overview and Level Annotations

Branches:
Dungeon (3/15)

Altars:


Innate Abilities, Weirdness & Mutations

Your plain brown scales are hard. (AC +5)
You cannot fit into any form of body armour.
You are cold-blooded and may be slowed by cold attacks.


Message History

The killer bee buzzes angrily.
The killer bee barely misses you. The killer bee misses you.
The killer bee closely misses you. The killer bee stings you.
You are poisoned.
The killer bee poisons you!
As you read the scroll labeled PEAFYU BOPO, it crumbles to dust.
Your +4 spear glows mottled lavender for a moment.
It was a scroll of random uselessness.
You feel sick.
The killer bee closely misses you. x2; The killer bee stings you.
You are lethally poisoned!
The killer bee poisons you! The killer bee barely misses you.
Unknown command.
As you read the scroll labeled OGIYN TEPNITWA, it crumbles to dust.
You hear a loud clanging noise!
It was a scroll of noise.
You feel sick.
You hear a shout! x10
The killer bee stings you. x2
* * * LOW HITPOINT WARNING * * *
The killer bee closely misses you. The killer bee stings you!
You die...

.. ## .# #.
.# #. .# #
#. .# ... #y
.#
.%...#y###.#
......y@...#
....$..#####
...#### .


You could see 3 killer bees.

Vanquished Creatures
  An adder (D:1)
  A ball python (D:1)
  2 bats (D:1)
  2 giant cockroaches
  7 goblins
  5 hobgoblins (D:1)
  3 jackals (D:2)
  5 kobolds (D:1)
  2 frilled lizards (D:1)
  3 rats
31 creatures vanquished.

Notes
Turn   | Place    | Note
-------+----------+-------------------------------------------
     0 | D:1      | KristoblXynda the Draconian Venom Mage began the quest for the Orb.
     0 | D:1      | Reached XP level 1. HP: 14/14 MP: 3/3
   196 | D:1      | Reached XP level 2. HP: 20/20 MP: 0/5
   299 | D:1      | Reached skill level 1 in Conjurations
   704 | D:1      | Reached XP level 3. HP: 19/26 MP: 0/6
  1211 | D:3      | Noticed a killer bee
  1211 | D:3      | Noticed a killer bee
  1212 | D:3      | Noticed a killer bee
  1216 | D:3      | Slain by a killer bee

Vault maps used:
D:1:      shiori_arrival_maze
D:2:      first_bread
D:3:      kennysheep_orc_chapel, uniq_natasha

Skill      XL: |  1  2 |
---------------+-------+-----
Conjurations   | 1 |  1.6
Dodging        | |  1.7
Stealth        | |  1.7
Spellcasting   | |  2.6
Poison Magic   | |  4.4

Action                   || total
-------------------------++-------
Melee: Unarmed           ||    80
       Tailslap          ||     9
       Spear             ||     9
 Cast: Sting             ||    39
  Use: Potion            ||     6
       Scroll            ||     5
  Eat: Chunk             ||     1
Armor: Skin              ||    28
Dodge: Dodged            ||    74
